 Dungeon Crawl Stone Soup version 0.29-a0-370-gb5314be063 (webtiles) character file.

Game seed: 3693869902682517864

5 Gargoyl the Skirmisher (level 1, 0/14 HPs)
             Began as a Gargoyle Berserker on May 2, 2022.
             Was a Follower of Trog.
             Slain by a kobold
             ... wielding a +0 dagger
              (1 damage)
             ... on level 1 of the Dungeon.
             The game lasted 00:00:08 (137 turns).

Gargoyl the Skirmisher (Gargoyle Berserker)          Turns: 137, Time: 00:00:08

Health: 0/14       AC:  4    Str: 20    XL:     1   Next: 80%
Magic:  1/1        EV: 11    Int:  7    God:    Trog [*.....]
Gold:   0          SH:  0    Dex:  9    Spells: 0/0 levels left

rFire   . . .      SeeInvis .   a - +0 hand axe
rCold   . . .      Faith    .   (no shield)
rNeg    + . .      Spirit   .   b - +0 animal skin
rPois   ∞          Reflect  .   (no helmet)
rElec   +          Harm     .   (no cloak)
rCorr   .          Rampage  .   (no gloves)
Will    .....                   (no boots)
Stlth   +.........              (no amulet)
HPRegen 0.04/turn               (no ring)
MPRegen 0.07/turn               (no ring)

@: no status effects
A: sickness immunity, AC +2, negative energy resistance 1, electricity
resistance, torment resistance 1, petrification resistance
a: Renounce Religion, Berserk


You were on level 1 of the Dungeon.
You worshipped Trog.
Trog was aware of your devotion.
You visited 1 branch of the dungeon, and saw 1 of its levels.

Inventory:

Hand Weapons
 a - a +0 hand axe (weapon)
Armour
 b - a +0 animal skin (worn)


   Skills:
 + Level 3.4 Fighting
 + Level 2.8 Axes
 + Level 2.2 Armour
 + Level 1.6 Dodging


You couldn't memorise any spells.
You didn't know any spells.
Your spell library was empty.

Dungeon Overview and Level Annotations

Branches:
Dungeon (1/15)

Altars:


Innate Abilities, Weirdness & Mutations

You are immune to sickness and miasma.
Your stone body is resilient. (AC +2)
You are immune to poison.
You resist negative energy. (rN+)
You are resistant to electric shocks. (rElec)
You are resistant to unholy torment.
You are immune to petrification.


Message History

You kill the jackal!
Trog accepts your kill. The kobold hits you but does no damage.
You see here a jackal corpse.
You closely miss the kobold. You barely miss the goblin.
You hit the quokka but do no damage. The goblin hits you but does no damage.
The kobold hits you but does no damage.
You barely miss the kobold. You hit the goblin.
You kill the goblin!
Trog accepts your kill.
You closely miss the quokka.
The quokka twitches its whiskers.
The quokka bites you.
The jackal bites you but does no damage.
The kobold closely misses you. The quokka closely misses you.
You closely miss the kobold. You hit the jackal.
You kill the jackal!
Trog accepts your kill.
You closely miss the quokka. You miss the quokka.
The quokka bites you but does no damage.
The quokka bites you. The kobold hits you with a +0 dagger.
You closely miss the kobold. You closely miss the quokka.
You barely miss the quokka.
The quokka bites you but does no damage.
The quokka bites you.
* * * LOW HITPOINT WARNING * * *
The kobold hits you with a +0 dagger.
* * * LOW HITPOINT WARNING * * *
The quokka bites you but does no damage.
The quokka misses you.
You hit the kobold but do no damage. You hit the quokka.
You barely miss the quokka. The kobold hits you with a +0 dagger.
* * * LOW HITPOINT WARNING * * *
The quokka barely misses you. x2
You miss the kobold. You hit the quokka.
You kill the quokka!
Trog accepts your kill.
You hit the quokka but do no damage. The kobold closely misses you.
The quokka barely misses you. The kobold hits you with a +0 dagger.
You die...

###########
#..........
#..........
#####...r......
#......@K......
#.###:......... #.#
#..........
#.#####.#########.#.#
............# # #
#.#####†###.# ...#.#
.#####.#.#
.........###.#


You could see a quokka and a kobold.

Vanquished Creatures
  A goblin (D:1)
  3 jackals (D:1)
  A quokka (D:1)
5 creatures vanquished.

Notes
Turn   | Place    | Note
-------+----------+-------------------------------------------
     0 | D:1      | Gargoyl the Gargoyle Berserker began the quest for the Orb.
     0 | D:1      | Reached XP level 1. HP: 14/14 MP: 1/1
   137 | D:1      | Slain by a kobold

Illustrated notes

Levels and vault maps discovered:
D:1:      minmay_arrival_arboretum_small, layout_basic,
          shapermc_ecumenical_altar_acropolis, minmay_tetromino_t4

Action                   || total
-------------------------++-------
Melee: Hand axe          ||    17
Armor: Animal skin       ||    11
Dodge: Dodged            ||    14

Table legend: (Time is in decaauts)
 A = Elapsed time spent in this place.
 B = Non-inter-level travel time spent in this place.
 C = Inter-level travel time spent in this place.
 D = Time resting spent in this place.
 E = Time spent auto-exploring this place.
 F = Levels seen in this place.
 G = Mean time per level.
                   A        B        C        D        E       F      G
               +--------+--------+--------+--------+--------+-----+--------+
         Total |    139 |    139 |      0 |      0 |    108 |   1 |  139.0 |
       Dungeon |    139 |    139 |      0 |      0 |    108 |   1 |  139.0 |
               +--------+--------+--------+--------+--------+-----+--------+

Top non-repeatable levels by time:
     D:1: 139 daAuts
